 Dungeon Crawl Stone Soup version 0.21.1-1-g345015f (webtiles) character file.

5146 Mirai the Covert (level 10, -8/50 HPs)
             Began as a Kobold Enchanter on Apr 27, 2018.
             Was an Elder of Okawaru.
             Mangled by a wolf spider (15 damage)
             ... on level 8 of the Dungeon.
             The game lasted 00:27:19 (7809 turns).

Mirai the Covert (Kobold Enchanter)                 Turns: 7809, Time: 00:27:20

Health: -8/50      AC:  9    Str:  8 (9)  XL:     10   Next: 89%
Magic:  28/28      EV: 17    Int: 18      God:    Okawaru [****..]
Gold:   560        SH: 10    Dex: 15 (18) Spells: 13/21 levels left

rFire    . . .     SeeInvis .   e - +2 short sword (speed)
rCold    + . .     Gourm    .   i - +1 shield {rC+}
rNeg     . . .     Faith    .   b - +1 robe
rPois    .         Spirit   .   (no helmet)
rElec    .         Reflect  .   m - +2 cloak {MR+}
rCorr    .         Harm     .   E - +0 pair of gloves (curse)
MR       +....                  q - +0 pair of boots
Stlth    +++++.....             (no amulet)
HPRegen  0.16/turn              n - +3 ring of slaying
MPRegen  0.21/turn              w - ring of magical power

@: no status effects
A: small, carnivore, clever 1, shaggy fur 1, strong 1
a: Heroism, Renounce Religion


You were on level 8 of the Dungeon.
You worshipped Okawaru.
Okawaru was greatly pleased with you.
You were completely stuffed.

You visited 2 branches of the dungeon, and saw 9 of its levels.
You also visited: Sewer.

You collected 560 gold pieces.

Inventory:

Hand Weapons
 e - a +2 short sword of speed (weapon)
Armour
 b - a +1 robe (worn)
 i - a +1 shield of cold resistance (worn)
 m - a +2 cloak of magic resistance (worn)
 q - a +0 pair of boots (worn)
 s - a scarf of cloud immunity
 D - a +0 cloak
 E - a cursed +0 pair of gloves (worn)
Magical Staves
 A - an uncursed staff of wizardry {unknown}
Jewellery
 h - an uncursed ring of flight
 n - a +3 ring of slaying (left hand)
 w - a ring of magical power (right hand)
Wands
 a - a wand of random effects (17)
 H - a wand of flame (16)
Scrolls
 f - 4 scrolls of enchant armour
 j - 9 scrolls of remove curse
 r - a scroll of amnesia
 v - a scroll of blinking
 y - 2 scrolls of teleportation
 z - 6 scrolls of identify
Potions
 g - a potion of mutation
 k - 3 potions of heal wounds
 l - 8 potions of curing
 o - 2 potions of agility
 p - 2 potions of flight
 t - a potion of resistance
 x - 2 potions of degeneration
 G - a potion of berserk rage
 I - a potion of haste
 J - 2 potions of ambrosia {unknown}
Books
 c - a book of Maledictions

   Spells                             Type                      Level
   a - Corona                         Hexes                        1
   b - Ensorcelled Hibernation        Hexes/Ice                    2
   c - Confuse                        Hexes                        3
   d - Tukima's Dance                 Hexes                        3
   e - Dazzling Spray                 Conjuration/Hexes            3
 u - a book of Misfortune

   Spells                             Type                      Level
   a - Confusing Touch                Hexes                        1
   b - Confuse                        Hexes                        3
   c - Gell's Gravitas                Translocation                3
   d - Petrify                        Transmutation/Earth          4
   e - Metabolic Englaciation         Hexes/Ice                    5
   f - Yara's Violent Unravelling     Hexes/Transmutation          5
Comestibles
 d - 31 rations
 C - 6 chunks of flesh


   Skills:
 + Level 7.4 Short Blades
 + Level 7.1 Dodging
 * Level 11.8 Stealth
 + Level 3.8 Shields
 + Level 6.1 Spellcasting
 + Level 6.4 Hexes
 - Level 4.0 Ice Magic


You had 13 spell levels left.
You knew the following spells:

 Your Spells              Type           Power        Failure   Level  Hunger
a - Ensorcelled Hibernat  Hex/Ice        ###...       10%         2    None
b - Confuse               Hex            ####....     12%         3    ##.....
c - Tukima's Dance        Hex            ####....     12%         3    ##.....


Dungeon Overview and Level Annotations

Branches:
Dungeon (8/15)             Temple (1/1) D:6            Lair (0/6) D:8

Altars:
Ashenzari
Cheibriados
Dithmenos
Elyvilon
Fedhas
Gozag
Hepliaklqana
Kikubaaqudgha
Makhleb
Nemelex Xobeh
Okawaru
Qazlal
Ru
Sif Muna
Trog
Uskayaw
Wu Jian
Xom
Yredelemnul
Zin
The Shining One


Innate Abilities, Weirdness & Mutations

You are small and have problems with some larger weapons.
You are carnivorous and can eat meat at any time.
Your mind is acute. (Int +2)
You are covered in fur. (AC +1)
Your muscles are strong. (Str +2)


Message History

The scorpion misses you.
You hit the scorpion.
You kill the scorpion!
Okawaru accepts your kill.
There is a large open door here.
A wolf spider comes into view.
Found a snail-covered altar of Cheibriados.
The wolf spider hits you!! The wolf spider closely misses you.
You hit the wolf spider.
The wolf spider is lightly wounded.
The wolf spider hits you. The wolf spider completely misses you.
You hit the wolf spider.
The wolf spider is lightly wounded.
The wolf spider hits you!
* * * LOW HITPOINT WARNING * * *
The wolf spider barely misses you.
You hit the wolf spider.
The wolf spider is lightly wounded.
The wolf spider hits you!
You die...

.............(.(.....#
..........8####8(....#
..........'....).....#
..........8#..#8(...##
........####''####..#
.....#..# #..#.⌠#..#
....##..# #..#..#..#
######..# #..#s.#..#
##.#..#..#.@#..#
#.##......##..#
#..########...#
#.............#
#########.....#
#######


You could see a wolf spider.

Vanquished Creatures
  A centaur warrior (D:8)
  A two-headed ogre (D:8)
  Joseph (D:8)
  A hippogriff (D:8)
  A yak (D:8)
  A basilisk (D:8)
  The ghost of Verendum the Poker, an amateur MfAK of Lugonu (D:4)
  A water moccasin (D:5)
  2 orc warriors
  4 ice beasts
  A sky beast (D:6)
  An eye of draining (D:8)
  A hornet zombie (D:7)
  2 centaurs
  A phantom (D:7)
  A crocodile (D:8)
  2 big kobolds
  2 bullfrogs
  5 killer bees (D:8)
  A scorpion (D:8)
  4 crimson imps
  3 hounds
  6 orc wizards
  3 bullfrog skeletons
  An iguana (D:8)
  4 orc priests
  2 centaur skeletons
  Crazy Yiuf (D:3)
  4 worker ants
  A killer bee zombie (D:8)
  The ghost of p0werm0de the Vexing, a weakling VSAM (D:3)
  A worker ant zombie (D:5)
  6 gnolls
  9 adders
  2 river rats (Sewer)
  2 shadow imps
  2 oozes
  2 adder skeletons
  7 worms
  A dart slug (D:2)
  10 leopard geckos
  22 orcs
  11 giant cockroaches
  6 goblins
  5 hobgoblins
  8 jackals
  10 kobolds
  2 quokkas
  10 bats
  7 frilled lizards
  5 rats
189 creatures vanquished.

Vanquished Creatures (collateral kills)
  A gnoll (D:8)
1 creature vanquished.

Grand Total: 190 creatures vanquished

Notes
Turn   | Place    | Note
-------+----------+-------------------------------------------
     0 | D:1      | Mirai the Kobold Enchanter began the quest for the Orb.
     0 | D:1      | Reached XP level 1. HP: 10/10 MP: 3/3
    57 | D:1      | Reached XP level 2. HP: 14/15 MP: 5/5
    61 | D:1      | Learned a level 2 spell: Ensorcelled Hibernation
   719 | D:2      | Reached XP level 3. HP: 15/19 MP: 6/6
  1017 | D:2      | Reached XP level 4. HP: 24/24 MP: 7/7
  1694 | D:2      | Learned a level 3 spell: Confuse
  1705 | D:2      | Learned a level 3 spell: Tukima's Dance
  1748 | D:2      | Reached skill level 5 in Stealth
  1842 | D:3      | Reached skill level 1 in Ice Magic
  1842 | D:3      | Reached XP level 5. HP: 17/28 MP: 2/9
  2407 | D:3      | Noticed p0werm0de's ghost (weakling VSAM)
  2540 | D:3      | Killed p0werm0de's ghost
  2540 | D:3      | Reached XP level 6. HP: 32/32 MP: 0/10
  2588 | D:3      | Found a runed door.
  2621 | D:3      | Noticed Crazy Yiuf
  2630 | D:3      | Killed Crazy Yiuf
  2852 | D:4      | Found a glowing drain.
  2881 | Sewer    | Entered a sewer
  2967 | Sewer    | Reached skill level 6 in Stealth
  2990 | Sewer    | Found a white marble altar of Elyvilon.
  3302 | D:4      | Noticed Verendum's ghost (amateur MfAK)
  3323 | D:4      | Killed Verendum's ghost
  3323 | D:4      | Reached XP level 7. HP: 36/36 MP: 12/12
  3818 | D:4      | Gained mutation: Your muscles are strong. (Str +2) [potion of mutation]
  3818 | D:4      | Gained mutation: Your mind is acute. (Int +2) [potion of mutation]
  3818 | D:4      | Gained mutation: You are covered in fur. (AC +1) [potion of mutation]
  3858 | D:5      | Entered Level 5 of the Dungeon
  3917 | D:5      | Reached skill level 7 in Stealth
  3919 | D:5      | Noticed a water moccasin
  3948 | D:5      | Killed a water moccasin
  3948 | D:5      | Reached XP level 8. HP: 23/41 MP: 12/13
  3997 | D:5      | Reached skill level 1 in Shields
  4641 | D:5      | Reached skill level 8 in Stealth
  4751 | D:6      | Reached skill level 5 in Dodging
  5039 | D:6      | Found a staircase to the Ecumenical Temple.
  5064 | Temple   | Entered the Ecumenical Temple
  5167 | Temple   | Became a worshipper of Warmaster Okawaru
  5380 | D:6      | Reached XP level 9. HP: 45/45 MP: 15/15
  5392 | D:6      | Reached skill level 5 in Short Blades
  5867 | D:7      | Reached skill level 9 in Stealth
  5867 | D:7      | Reached skill level 5 in Hexes
  6335 | D:7      | Reached * piety under Okawaru
  6621 | D:7      | Found a deep blue altar of Sif Muna.
  6851 | D:8      | Found a staircase to the Lair.
  6852 | D:8      | Noticed a hippogriff
  6902 | D:8      | Reached skill level 5 in Spellcasting
  6905 | D:8      | Killed a hippogriff
  6905 | D:8      | Reached ** piety under Okawaru
  6905 | D:8      | Reached skill level 10 in Stealth
  7055 | D:8      | Reached XP level 10. HP: 50/50 MP: 17/17
  7132 | D:8      | Noticed Joseph
  7139 | D:8      | Killed Joseph
  7337 | D:8      | Reached skill level 11 in Stealth
  7448 | D:8      | Reached *** piety under Okawaru
  7596 | D:8      | Found a large runed door.
  7596 | D:8      | Found a large runed door.
  7596 | D:8      | Noticed a centaur warrior
  7607 | D:8      | Noticed a two-headed ogre
  7619 | D:8      | Killed a two-headed ogre
  7649 | D:8      | Killed a centaur warrior
  7795 | D:8      | Reached **** piety under Okawaru
  7803 | D:8      | Found a snail-covered altar of Cheibriados.
  7803 | D:8      | Noticed a wolf spider
  7809 | D:8      | Mangled by a wolf spider

Skill      XL: |  1  2  3  4  5  6  7  8  9 10 |
---------------+-------------------------------+-----
Short Blades   | 2 3 4 6 7 |  7.4
Dodging        | 3 4 5 6 7 |  7.1
Stealth        | 5 6 7 8 10 11 | 11.8
Ice Magic      | 1 2 3 4 |  4.0
Spellcasting   | 3 4 5 6 |  6.1
Hexes          | 4 5 6 |  6.4
Shields        | 1 2 3 |  3.8

Action                   |  1- 3 |  4- 6 |  7- 9 | 10-12 || total
-------------------------+-------+-------+-------+-------++-------
Melee: Short sword       |    72 |   178 |   272 |    99 ||   621
       Dagger            |     1 |       |       |       ||     1
 Cast: Confuse           |       |     8 |     5 |     2 ||    15
       Ensorcelled Hiber |       |    23 |    27 |    29 ||    79
       Tukima's Dance    |       |       |       |     1 ||     1
  Use: Scroll            |       |     7 |     4 |       ||    11
       Potion            |       |       |    11 |     5 ||    16
 Stab: Sleeping          |     5 |    17 |    24 |    23 ||    69
       Confused          |       |     4 |     2 |     2 ||     8
       Distracted        |       |     1 |     1 |       ||     2
       Invisible         |       |       |     2 |       ||     2
  Eat: Chunk             |     9 |     9 |    14 |     2 ||    34
Armor: Robe              |    24 |    20 |    54 |    17 ||   115
       Skin              |       |       |       |     4 ||     4
Dodge: Dodged            |    51 |   123 |   125 |    63 ||   362
Block: Shield            |       |       |    79 |    51 ||   130
